 Dungeon Crawl Stone Soup version 0.28-a0-983-g1de4e0787c (webtiles) character file.

Game seed: 6580876994511040054

225355 Strykforce the Eclecticist (level 19, -25/104 HPs)
             Began as a Gargoyle Hedge Wizard on Dec 3, 2021.
             Was a High Priest of Vehumet.
             Killed from afar by a wizard (42 damage)
             ... with a fireball
             ... on level 1 of the Vaults.
             The game lasted 02:40:21 (54685 turns).

Strykforce the Eclecticist (Gargoyle Hedge Wizard) Turns: 54685, Time: 02:40:21

Health: -25/104    AC: 33    Str: 14 (15) XL:     19   Next: 32%
Magic:  50/50      EV: 17    Int: 22 (26) God:    Vehumet [*****.]
Gold:   3646       SH: 14    Dex: 14 (16) Spells: 27/54 levels left

rFire   . . .      SeeInvis .   T - staff of poison
rCold   . . .      Faith    .   u - +3 buckler
rNeg    + . .      Spirit   .   g - +1 ring mail "Cunnoir" {Regen+ Int+4 Dex+2}
rPois   ∞          Reflect  +   m - +0 helmet "Qorrir" {Dex+5}
rElec   +          Harm     .   p - +2 cloak
rCorr   .          Rampage  .   (no gloves)
Will    +....                   b - +2 pair of boots
Stlth   +.........              B - amulet of reflection
HPRegen 1.07/turn               w - +4 ring of evasion
MPRegen 0.32/turn               K - ring of magical power

@: flying, studying 2 skills
A: sickness immunity, AC +14, big wings, negative energy resistance 1,
electricity resistance, torment resistance 1, petrification resistance
}: 1/15 runes: barnacled
a: Renounce Religion


You were on level 1 of the Vaults.
You worshipped Vehumet.
Vehumet was extremely pleased with you.
You visited 8 branches of the dungeon, and saw 34 of its levels.
You also visited: Sewer, Bailey, Gauntlet and Ice Cave.

You collected 4869 gold pieces.
You spent 1223 gold pieces at shops.

Inventory:

Hand Weapons
 Y - the +6 Majin-Bo {vamp, MP+6 Int+6}
   (You found it in a Gauntlet)

   It occasionally heals its wielder for a portion of the damage dealt when they
   wound a living foe with it or with a spell.
   Its wielder's spells cost health as well as magical power.
   Int:       It affects your intelligence (+6).
   MP:        It affects your magic capacity (+6).
Armour
 b - a +2 pair of boots (worn)
 g - the +1 ring mail "Cunnoir" (worn) {Regen+ Int+4 Dex+2}
   (You found it on level 4 of the Lair of Beasts)

   Int:       It affects your intelligence (+4).
   Dex:       It affects your dexterity (+2).
   Regen:     It increases your rate of health regeneration.
 m - the +0 helmet "Qorrir" (worn) {Dex+5}
   (You took it off Robin on level 1 of the Dungeon)

   Dex:       It affects your dexterity (+5).
 p - a +2 cloak (worn)
 q - a +0 helmet
 s - a scarf of shadows
 u - a +3 buckler (worn)
 U - the +3 hat of Pondering {ponderous, Will+ MP+10 Int+5}
   (You took it off Gastronok on level 3 of the Lair of Beasts)

   Int:       It affects your intelligence (+5).
   MP:        It affects your magic capacity (+10).
   Will:      It increases your willpower.
Magical Staves
 R - a staff of earth
 T - a staff of poison (weapon)
Jewellery
 w - a +4 ring of evasion (left hand)
 B - an amulet of reflection (around neck)
 K - a ring of magical power (right hand)
 L - a ring of fire
 P - a ring of resist corrosion
Wands
 l - a wand of iceblast (39)
 t - a wand of digging (18)
 y - a wand of flame (50)
 I - a wand of paralysis (5)
 J - a wand of mindburst (3)
 Q - a wand of acid (3)
 S - a wand of polymorph (7)
Scrolls
 a - a scroll of silence
 c - 6 scrolls of teleportation
 i - 9 scrolls of blinking
 j - 7 scrolls of enchant armour
 k - 6 scrolls of amnesia
 r - a scroll of torment
 v - 4 scrolls of summoning
 x - 5 scrolls of fog
 D - 7 scrolls of fear
 F - 3 scrolls of enchant weapon
 M - a scroll of identify
 N - 4 scrolls of immolation
 O - 3 scrolls of brand weapon
 X - 3 scrolls of magic mapping
Potions
 d - 9 potions of might
 e - 8 potions of mutation
 f - 9 potions of curing
 h - a potion of heal wounds
 n - 4 potions of lignification
 o - 7 potions of invisibility
 z - 2 potions of berserk rage
 A - 3 potions of resistance
 C - 3 potions of haste
 E - a potion of cancellation
 G - 4 potions of brilliance
 H - 5 potions of attraction
 V - 3 potions of magic
 W - a potion of ambrosia


   Skills:
 + Level 6.7 Fighting
 + Level 16.4 Armour
 + Level 7.0 Dodging
 - Level 2.1 Stealth
 + Level 9.2 Shields
 + Level 18.2 Spellcasting
 * Level 16.3 Conjurations
 - Level 0.8 Summonings
 - Level 0.8 Translocations
 * Level 9.5 Fire Magic
 + Level 8.1 Air Magic
 + Level 13.1 Earth Magic
 - Level 7.2 Poison Magic


You had 27 spell levels left.
You knew the following spells:

 Your Spells              Type           Power      Damage    Failure   Level
a - Magic Dart            Conj           100%       1d8       0%          1
b - Blink                 Tloc           46%        N/A       4%          2
c - Conjure Flame         Conj/Fire      67%        6-21      1%          3
d - Mephitic Cloud        Conj/Pois/Air  79%        N/A       1%          3
e - Lehudib's Crystal Sp  Conj/Erth      35%        10d9      17%         8
f - Olgreb's Toxic Radia  Pois           67%        N/A       1%          4
g - Iron Shot             Conj/Erth      35%        9d7       1%          6

Your spell library contained the following spells:

 Spells                   Type           Power      Damage    Failure   Level
 Maxwell's Capacitive Co  Air            27%        ∞         90%         8
 Sting                    Tmut/Pois      100%       1d8       1%          1
 Corpse Rot               Necr/Air       74%        N/A       1%          2
 Passwall                 Tmut/Erth      40%        N/A       1%          2
 Irradiate                Conj/Tmut      27%        3d22      1%          5
 Apportation              Tloc           46%        N/A       2%          1
 Summon Small Mammal      Summ           92%        N/A       2%          1
 Spider Form              Tmut/Pois      52%        N/A       2%          3
 Animate Armour           Summ/Erth      100%       N/A       2%          4
 Petrify                  Tmut/Erth      49%        N/A       2%          4
 Animate Skeleton         Necr           40%        N/A       4%          1
 Pain                     Necr           80%        1d8       4%          1
 Slow                     Hex            80%        N/A       4%          1
 Call Imp                 Summ           23%        N/A       4%          2
 Ensorcelled Hibernation  Hex/Ice        40%        N/A       6%          2
 Lesser Beckoning         Tloc           23%        N/A       9%          3
 Teleport Other           Tloc           23%        N/A       9%          3
 Ozocubu's Armour         Ice            20%        N/A       12%         3
 Tukima's Dance           Hex            20%        N/A       12%         3
 Vampiric Draining        Necr           20%        2d7       12%         3
 Silence                  Hex/Air        18%        N/A       22%         5
 Alistair's Intoxication  Tmut/Pois      34%        N/A       26%         5
 Passage of Golubria      Tloc           23%        N/A       28%         4
 Yara's Violent Unravell  Hex/Tmut       10%        3d6       28%         5
 Eringya's Noxious Bog    Tmut/Pois      26%        N/A       32%         6
 Dispel Undead            Necr           20%        3d11      38%         4
 Manifold Assault         Tloc           23%        N/A       61%         5
 Summon Forest            Summ/Tloc      11%        N/A       61%         5
 Blade Hands              Tmut           10%        N/A       75%         5
 Metabolic Englaciation   Hex/Ice        10%        N/A       75%         5
 Death Channel            Necr           10%        N/A       99%         6
 Dispersal                Tloc           11%        N/A       99%         6
 Simulacrum               Ice/Necr       10%        N/A       99%         6
 Ozocubu's Refrigeration  Ice            10%        4d7       100%        7
 Storm Form               Tmut/Air       18%        N/A       100%        7
 Summon Hydra             Summ           11%        N/A       100%        7
 Borgnjor's Revivificati  Necr           10%        N/A       100%        8
 Necromutation            Tmut/Necr      10%        N/A       100%        8
 Death's Door             Necr           10%        N/A       100%        9
 Sublimation of Blood     Necr           Unusable   N/A       N/A         2
 Statue Form              Tmut/Erth      Unusable   N/A       N/A         6

Dungeon Overview and Level Annotations

Branches:
Dungeon (15/15)            Temple (1/1) D:5            Lair (6/6) D:10
 Shoals (4/4) Lair:2       Spider (4/4) Lair:2        Slime (0/5) Lair:5
    Orc (2/2) D:9             Elf (1/3) Orc:2        Vaults (1/5) D:13
 Depths (0/4) D:15          Sewer (visited)          Bailey (visited)
  IceCv (visited)         Gauntlet (visited)

Altars:
Ashenzari
Cheibriados
Dithmenos
Elyvilon
Fedhas
Gozag
Hepliaklqana
Kikubaaqudgha
Makhleb
Nemelex Xobeh
Okawaru
Qazlal
Ru
Sif Muna
Trog
Uskayaw
Vehumet
Wu Jian
Xom
Yredelemnul
Zin
The Shining One
Beogh
Jiyva

Shops:
D:6 (   D:8 :   Orc:2 [*[*   Elf:1 *   Shoals:2 :

Portals:
Trove: D:15 (show abyssal rune of Zot)

Annotations:
Lair:3 3 runed translucent doors, Quacem's ghost, journeyman GnDe
Lair:6 2 exclusions
Vaults:1 Asterion


Innate Abilities, Weirdness & Mutations

You are immune to sickness and miasma.
Your stone body is resilient. (AC +14)
You are immune to poison.
Your large and strong wings let you fly.
You resist negative energy. (rN+)
You are resistant to electric shocks. (rElec)
You are resistant to unholy torment.
You are immune to petrification.


Message History

You block the deep troll's attack. The deep troll claws you.
* * * LOW HITPOINT WARNING * * *
Casting: Mephitic Cloud (safe; 1% risk of failure)
Confirm with . or Enter, or press ? or * to list all spells.
You blink.
Asterion is engulfed in noxious fumes.
Asterion appears confused.
Asterion hits the deep troll with a +4 demon whip of draining!!!
The deep troll is killed!
Vehumet accepts your kill.
You feel your power returning.
The deep troll is engulfed in noxious fumes. x2
Asterion is engulfed in noxious fumes.
The deep troll is engulfed in noxious fumes.
Asterion is engulfed in noxious fumes.
The deep troll is engulfed in noxious fumes.
The deep troll appears confused.
The deep troll bites the deep troll!
The deep troll completely misses the deep troll.
The deep troll claws the deep troll!
The deep troll bites itself!
The deep troll barely misses itself.
The deep troll claws itself but does no damage.
Asterion is engulfed in noxious fumes.
The vault sentinel hits the deep troll with a +0 morningstar.
You feel stable enough to blink again.
The ironbound preserver is engulfed in noxious fumes.
The deep troll is engulfed in noxious fumes.
The deep troll appears confused.
A wizard comes into view. It is wielding a +0 dagger.
The wizard shouts!
The deep troll looks more healthy.
The wizard mumbles some strange words.
The wizard flickers and vanishes!
Deactivating autopickup; reactivate with Ctrl-A.
Asterion blocks the deep troll's attack. x2
The deep troll claws Asterion but does no damage.
Something bites Asterion.
Something claws Asterion! x2
Vehumet accepts your kill.
You feel your power returning.
You feel a bit more experienced.
You hear some strange, mumbled words.
A fireball appears from out of thin air!
The fireball explodes!
The fireball engulfs you!!!
You die...

*,,,*,*,,,,,,,*,,,,,*,,,,,*******
*,,,*,*,*,,,*,*,*,,,*,,,,,*,***,,
*,,,*,*,*,,,*,*,*,,,*,,,,,*,,###*
*,,,*,***,,,***,*,,,*,,,,,*,,#.#+
*,,,,,,,*,,,,,*,*,,,*,,,,,*,*+...
*,,,*,*,*,,,*****,,,*,,,,,*,##.∩.
*,,,*,*,,,,,,,,,,,,,*,,,,,**#....
******###############...,,*###'#.
,,,,,,......{...@.......,,##..###
*******#.....p########..,,#.....#
,,,****#......#,,,,,,*,,####'####
,,,*,,*#.....p#,,,,,,*,,#......#,
*+**,,*####..T#,,,,,,#..#......#,
,,,,,,****#...#,,,,,,#..#......#,
,,,,,,*,,*#..H#,,,,,,#..#......#,
**++***,,*###.#,,,,,,#..#......#,
,,,,,,,,,***#.#,,,,,,#..#......#,


You could see an ironbound preserver.

Vanquished Creatures
  A kraken (Shoals:1)
  3 sphinxes (Shoals:4)
  Gastronok (Lair:3)
  Kirke (D:13)
  The ghost of Wiuqibia the Black Belt, an adept DjTm of Okawaru (Spider:1)
  Roxanne (Shoals:1)
  An orc warlord (Bailey)
  A ghost moth (Spider:3)
  Aizul (Shoals:4)
  4 emperor scorpions
  An ironbound preserver (D:13)
  A stone giant (Shoals:3)
  3 entropy weavers
  A deep elf annihilator (Elf:1)
  A spark wasp (Spider:2)
  2 minotaurs
  Snorg (Lair:3)
  Josephine (D:13)
  3 merfolk impalers
  7 boulder beetles
  A catoblepas (Gauntlet)
  13 hydras
  4 centaur warriors (D:13)
  4 merfolk avatars
  10 satyrs (Shoals:4)
  4 two-headed ogres
  2 dancing weapons (Elf:1)
  An alligator snapping turtle (Shoals:4)
  A tengu warrior (D:14)
  2 merfolk aquamancers
  A vampire mage (D:15)
  5 death yaks (Lair:6)
  3 orc high priests (Orc:2)
  2 deep elf knights (Elf:1)
  Nergalle (D:11)
  2 skeletal warriors (D:15)
  A fire crab (Gauntlet)
  2 deep trolls (Vaults:1)
  13 sea snakes
  A deep elf archer (Elf:1)
  A shadow dragon zombie (D:15)
  An orange crystal statue (Gauntlet)
  A golden dragon skeleton (D:15)
  17 harpies
  15 wolf spiders
  2 oklob plants (Shoals:2)
  10 deep elf pyromancers
  7 orc knights
  A necromancer (D:15)
  5 deep elf zephyrmancers
  9 orb spiders
  14 ugly things
  16 fauns
  An iron dragon zombie (D:15)
  12 cyclopes
  14 manticores
  A moth of wrath (Spider:3)
  8 orc sorcerers
  8 merfolk sirens
  11 black mambas
  4 water nymphs
  2 molten gargoyles (Gauntlet)
  3 torpor snails
  5 gargoyles
  14 elephants
  A guardian serpent (Lair:6)
  20 cane toads
  2 efreet (D:15)
  2 freezing wraiths (D:15)
  2 unseen horrors (D:12)
  3 rime drakes
  11 demonic crawlers
  4 komodo dragons
  A kobold demonologist (D:7)
  A troll (shapeshifter) (D:15)
  2 polar bears
  23 merfolk
  8 hornets
  A meliai (D:13)
  3 trolls
  25 jumping spiders
  A jumping spider (shapeshifter) (Elf:1)
  Grinder (Sewer)
  11 blink frogs
  7 slime creatures
  5 wind drakes
  8 dream sheep
  11 snapping turtles
  76 redbacks
  13 water elementals
  4 air elementals (Elf:1)
  8 wraiths
  A spriggan skeleton (D:15)
  22 tarantellas
  A hog (D:13)
  72 yaks
  15 wyverns
  5 basilisks
  5 humans (D:13)
  4 fire bats (Gauntlet)
  Eustachio (D:6)
  3 vampire mosquitoes (D:15)
  3 steam dragons
  3 acid dragons
  16 water moccasins
  A hell hound (Gauntlet)
  2 swamp drakes (Lair:6)
  A sky beast (D:7)
  An ice beast (D:6)
  27 orc warriors
  6 black bears
  10 wolves
  12 centaurs
  8 ogres
  A phantom (Sewer)
  7 kobold brigands
  8 bullfrogs
  A wyvern zombie (D:8)
  3 gnoll sergeants
  A cane toad simulacrum (IceCv)
  6 killer bees
  8 wights
  4 electric eels
  8 howler monkeys
  2 centaur zombies
  2 bullfrog zombies (D:6)
  12 hounds
  2 gnoll shamans (D:6)
  4 jellies
  24 orc priests
  Crazy Yiuf (D:2)
  6 iguanas
  A scorpion zombie (D:5)
  17 orc wizards
  A polar bear simulacrum (IceCv)
  A wolf simulacrum (IceCv)
  A killer bee zombie (D:7)
  A hound skeleton (D:5)
  Robin (D:1)
  38 gnolls
  5 adders
  4 shadow imps
  A white imp (D:6)
  4 ufetubi (Sewer)
  An adder zombie (Sewer)
  A worm (D:2)
  3 dart slugs
  73 orcs
  5 bats
  10 endoplasms
  13 giant cockroaches
  16 goblins
  16 hobgoblins
  4 jackals (D:6)
  7 quokkas
  10 ball pythons
  72 kobolds
  2 kobold zombies (Sewer)
  4 rats
  A spectral kobold (D:6)
  2 tentacles (Shoals:1)
1179 creatures vanquished.

Vanquished Creatures (collateral kills)
  Maggie (Lair:1)
1 creature vanquished.

Vanquished Creatures (others)
  A merfolk aquamancer (Shoals:1)
  An orc wizard (Orc:2)
  A bush (Lair:6)
  68 fungi
  194 plants
  25 tentacles (Shoals:1)
  4 withered plants
294 creatures vanquished.

Grand Total: 1474 creatures vanquished

Notes
Turn   | Place    | Note
-------+----------+-------------------------------------------
     0 | D:1      | Strykforce the Gargoyle Hedge Wizard began the quest for
                  | the Orb.
     0 | D:1      | Reached XP level 1. HP: 10/10 MP: 4/4
   211 | D:1      | Reached XP level 2. HP: 9/15 MP: 0/6
   551 | D:1      | Found a faded altar of an unknown god.
   661 | D:1      | Learned a level 2 spell: Blink
  1221 | D:2      | Reached XP level 3. HP: 19/19 MP: 2/8
  1303 | D:2      | Learned a level 3 spell: Conjure Flame
  1307 | D:2      | Learned a level 3 spell: Mephitic Cloud
  1952 | D:2      | Identified the +0 helmet "Qorrir" {Dex+5}
  1952 | D:2      | Noticed Robin
  2447 | D:1      | Killed Robin
  2448 | D:1      | Reached skill level 4 in Spellcasting
  2448 | D:1      | Reached XP level 4. HP: 18/24 MP: 1/10
  2898 | D:2      | Found a runed translucent door.
  2899 | D:2      | Noticed Crazy Yiuf
  3730 | D:2      | Killed Crazy Yiuf
  4006 | D:3      | Found an ancient bone altar of Kikubaaqudgha.
  4035 | D:3      | Found a blossoming altar of Fedhas.
  4146 | D:3      | Reached skill level 1 in Air Magic
  4146 | D:3      | Reached XP level 5. HP: 28/28 MP: 4/11
  4477 | D:3      | Noticed a kobold brigand
  4595 | D:3      | Killed a kobold brigand
  4670 | D:3      | Found a bloodstained altar of Trog.
  4693 | D:3      | Reached XP level 6. HP: 32/32 MP: 5/12
  5588 | D:3      | Reached skill level 5 in Conjurations
  5613 | D:3      | Reached skill level 5 in Spellcasting
  5614 | D:3      | Reached XP level 7. HP: 36/36 MP: 4/14
  6904 | D:4      | Found a shimmering altar of Xom.
  7106 | D:5      | Entered Level 5 of the Dungeon
  7660 | D:5      | Found a white marble altar of Elyvilon.
  8171 | D:4      | Reached XP level 8. HP: 33/42 MP: 4/16
  8398 | D:5      | Reached skill level 1 in Fighting
  8659 | D:5      | Reached skill level 6 in Spellcasting
  8891 | D:5      | Reached skill level 1 in Fire Magic
  9210 | D:5      | Found a shadowy altar of Dithmenos.
  9298 | D:5      | Found a staircase to the Ecumenical Temple.
  9305 | Temple   | Entered the Ecumenical Temple
  9492 | D:6      | Noticed Eustachio
  9581 | D:6      | Found a glowing drain.
  9606 | Sewer    | Entered a sewer
  9849 | Sewer    | Noticed Grinder
  9861 | Sewer    | Paralysed by Grinder for 5 turns
  9883 | Sewer    | Killed Grinder
  9884 | Sewer    | Reached skill level 7 in Spellcasting
  9884 | Sewer    | Reached XP level 9. HP: 34/48 MP: 4/19
 10217 | Sewer    | Found an ancient bone altar of Kikubaaqudgha.
 10432 | D:6      | Found a hide-covered altar of Uskayaw.
 10717 | D:6      | Reached skill level 8 in Spellcasting
 11410 | D:6      | Killed Eustachio
 11411 | D:6      | Reached skill level 9 in Spellcasting
 11781 | D:6      | Reached skill level 10 in Spellcasting
 12031 | D:6      | Found Udumnu's Antique Weapon Shoppe.
 12096 | D:6      | Found a hazy altar of Hepliaklqana.
 12434 | D:7      | Reached XP level 10. HP: 48/54 MP: 17/24
 13068 | D:7      | Reached skill level 11 in Spellcasting
 13593 | D:7      | Noticed a kobold demonologist
 13602 | D:7      | Noticed a soul eater
 13614 | D:7      | Killed a kobold demonologist
 13615 | D:7      | Reached skill level 1 in Shields
 14280 | D:8      | Reached skill level 10 in Conjurations
 14490 | D:8      | Found Nosy Oca's Self-Improvement Boutique.
 15337 | D:9      | Found a stormy altar of Qazlal.
 15391 | D:9      | Reached skill level 12 in Spellcasting
 15403 | D:9      | Identified the +1 ring mail of Perfidy {Int+2 Dex+2 Stlth+}
 16076 | D:9      | Found a radiant altar of Vehumet.
 16085 | D:9      | Found a staircase to the Orcish Mines.
 16172 | D:9      | Became a worshipper of Vehumet
 16444 | D:10     | Entered Level 10 of the Dungeon
 16449 | D:10     | Noticed a wolf spider
 16465 | D:10     | Noticed a two-headed ogre
 16522 | D:9      | Killed a two-headed ogre
 16523 | D:9      | Reached skill level 1 in Armour
 16523 | D:9      | Reached XP level 11. HP: 45/60 MP: 19/27
 17301 | D:10     | Reached skill level 5 in Air Magic
 17413 | D:10     | Found a staircase to the Lair.
 17488 | D:10     | Reached * piety under Vehumet
 17488 | D:10     | Offered knowledge of Foxfire by Vehumet.
 17671 | D:10     | Killed a wolf spider
 18064 | D:11     | Noticed a two-headed ogre
 18098 | Lair:1   | Entered Level 1 of the Lair of Beasts
 18098 | Lair:1   | Noticed a five-headed hydra
 18343 | D:10     | Killed a five-headed hydra
 18445 | Lair:1   | Noticed Maggie
 18957 | D:10     | HP: 1/60 [wolf (5)]
 19447 | D:10     | Learned a level 2 spell: Call Imp
 19478 | Lair:1   | Killed Maggie
 20226 | Lair:1   | Reached skill level 5 in Armour
 20226 | Lair:1   | Reached XP level 12. HP: 65/66 MP: 28/28
 20234 | Lair:1   | Reached ** piety under Vehumet
 20235 | Lair:1   | Reached skill level 5 in Fire Magic
 20253 | Lair:1   | Offered knowledge of Freeze by Vehumet.
 21076 | Lair:2   | Reached skill level 13 in Spellcasting
 21720 | Lair:2   | Offered knowledge of Inner Flame by Vehumet.
 22115 | Lair:2   | Found a staircase to the Shoals.
 22453 | Lair:2   | Found a hole to the Spider Nest.
 22761 | Lair:3   | Noticed Snorg
 22852 | Lair:3   | Identified the +0 scale mail of Vlad {rN+++}
 22890 | Lair:3   | Reached *** piety under Vehumet
 23026 | Lair:3   | Reached skill level 5 in Fighting
 23424 | Lair:3   | Killed Snorg
 23520 | Lair:3   | Noticed Gastronok
 24232 | Lair:3   | Found a runed translucent gate.
 24232 | Lair:3   | Found a runed translucent gate.
 24232 | Lair:3   | Found a runed translucent gate.
 24233 | Lair:3   | Noticed Quacem's ghost (journeyman GnDe)
 24249 | Lair:3   | Found a viscous altar of Jiyva.
 24469 | Lair:3   | Killed Gastronok
 24470 | Lair:3   | Reached XP level 13. HP: 52/72 MP: 30/30
 24679 | Lair:4   | Found a glowing golden altar of the Shining One.
 25188 | Lair:4   | Identified the +1 ring mail "Cunnoir" {Regen+ Int+4 Dex+2}
 25424 | Lair:4   | Reached skill level 5 in Dodging
 25613 | Lair:4   | Offered knowledge of Dazzling Flash by Vehumet.
 26200 | Lair:5   | Found a frozen archway.
 26275 | IceCv    | Entered an ice cave
 26287 | IceCv    | Found a transporter.
 26342 | IceCv    | Found a transporter.
 26564 | Lair:5   | Found a staircase to the Slime Pits.
 26732 | Lair:5   | Reached **** piety under Vehumet
 27432 | D:8      | Bought a manual of Armour for 960 gold pieces
 27544 | Orc:1    | Entered Level 1 of the Orcish Mines
 27786 | Orc:2    | Entered Level 2 of the Orcish Mines
 27798 | Orc:1    | Found a flagged portal.
 27809 | Bailey   | Entered a bailey
 27814 | Bailey   | Noticed an orc warlord
 27836 | Bailey   | Offered knowledge of Ignite Poison by Vehumet.
 27921 | Bailey   | Found a runed translucent gate.
 27923 | Bailey   | Found a runed translucent gate.
 27925 | Bailey   | Found a runed translucent gate.
 27995 | Bailey   | Killed an orc warlord
 27996 | Bailey   | Reached skill level 5 in Shields
 28087 | Bailey   | Gained mutation: Your large and strong wings let you fly.
                  | [Gargoyle growth]
 28087 | Bailey   | Reached XP level 14. HP: 79/79 MP: 31/31
 28100 | Bailey   | Acquired 438 gold pieces
 28104 | Bailey   | Acquired 676 gold pieces
 28575 | D:11     | Noticed Nergalle
 28591 | D:11     | Killed Nergalle
 29138 | Lair:6   | Entered Level 6 of the Lair of Beasts
 29239 | Lair:6   | Reached XP level 15. HP: 84/84 MP: 32/32
 29316 | Lair:6   | Learned a level 8 spell: Lehudib's Crystal Spear
 29483 | Lair:6   | Reached skill level 14 in Spellcasting
 29979 | Lair:6   | Reached skill level 15 in Armour
 30155 | Lair:6   | Reached ***** piety under Vehumet
 30557 | Lair:6   | Offered knowledge of Olgreb's Toxic Radiance by Vehumet.
 31268 | Lair:6   | Reached skill level 1 in Earth Magic
 31339 | Lair:6   | Reached skill level 5 in Earth Magic
 31743 | Lair:5   | Learned a level 4 spell: Olgreb's Toxic Radiance
 31952 | D:11     | Reached skill level 1 in Poison Magic
 32484 | Shoals:1 | Entered Level 1 of the Shoals
 32773 | Shoals:1 | Noticed a kraken
 32820 | Shoals:1 | Reached skill level 5 in Poison Magic
 33229 | Orc:2    | Offered knowledge of Iron Shot by Vehumet.
 33237 | Orc:2    | Learned a level 6 spell: Iron Shot
 33472 | Orc:2    | Paralysed by an orc sorcerer for 7 turns
 33599 | Orc:2    | Found a staircase to the Elven Halls.
 33813 | Orc:2    | Reached XP level 16. HP: 88/88 MP: 34/34
 34120 | Orc:2    | Found Kueh's General Store.
 34120 | Orc:2    | Found Suatusug's Antique Armour Boutique.
 34122 | Orc:2    | Found Oguar's Antique Armour Emporium.
 34122 | Orc:2    | Found Kocsuff's Assorted Antiques.
 34137 | Orc:2    | Bought a scroll of blinking for 225 gold pieces
 34376 | Orc:1    | You are sucked into a shaft and drop 1 floor!
 34516 | Elf:1    | Entered Level 1 of the Elven Halls
 34733 | Elf:1    | Paralysed by an air elemental for 1 turns
 35437 | Elf:1    | Found Badawohi's General Store.
 35446 | Elf:1    | Bought a scroll of identify for 38 gold pieces
 35777 | Elf:1    | Paralysed by an air elemental for 1 turns
 36454 | Shoals:1 | Reached skill level 10 in Earth Magic
 36455 | Shoals:1 | Offered knowledge of Iskenderun's Battlesphere by Vehumet.
 36575 | Shoals:1 | Killed a kraken
 37342 | Shoals:1 | Identified Roxanne's Grimoire of Transmutation
 37342 | Shoals:1 | Noticed Roxanne
 37351 | Shoals:1 | Killed Roxanne
 38091 | Shoals:2 | Found Syxif's Book Shop.
 38564 | Shoals:3 | Reached skill level 15 in Spellcasting
 39443 | Shoals:3 | Reached XP level 17. HP: 80/93 MP: 36/36
 40282 | Shoals:4 | Entered Level 4 of the Shoals
 41020 | Shoals:4 | Noticed a sphinx
 41020 | Shoals:4 | Noticed a sphinx
 41040 | Shoals:4 | Offered knowledge of Yara's Violent Unravelling by Vehumet.
 41070 | Shoals:4 | Paralysed by a sphinx for 6 turns
 41073 | Shoals:4 | HP: 3/93 [sphinx (6)]
 41077 | Shoals:4 | Killed a sphinx
 41078 | Shoals:4 | Killed a sphinx
 41335 | Shoals:4 | Reached skill level 16 in Spellcasting
 41508 | Shoals:4 | Noticed a sphinx
 41850 | Shoals:4 | Killed a sphinx
 42105 | Shoals:4 | Got Sif Muna's Catalogue of the Voyage
 42121 | Shoals:4 | Noticed Aizul
 42668 | Shoals:4 | Killed Aizul
 42831 | Shoals:4 | Got the Volume of the Glacial Compass
 42884 | Shoals:4 | Got a barnacled rune of Zot
 43287 | Spider:1 | Entered Level 1 of the Spider Nest
 43662 | Spider:1 | Found a large runed translucent door.
 43662 | Spider:1 | Found a large runed translucent door.
 43667 | Spider:1 | Noticed Wiuqibia's ghost (adept DjTm)
 44381 | Spider:1 | Killed Wiuqibia's ghost
 44477 | Spider:2 | Reached XP level 18. HP: 99/100 MP: 19/38
 44863 | Spider:2 | Offered knowledge of Lee's Rapid Deconstruction by Vehumet.
 44983 | Spider:2 | Reached skill level 17 in Spellcasting
 46075 | Spider:3 | Reached skill level 15 in Conjurations
 46082 | Spider:3 | Offered knowledge of Conjure Ball Lightning by Vehumet.
 46306 | Spider:4 | Entered Level 4 of the Spider Nest
 47841 | D:13     | Found a gate leading to a gauntlet.
 47851 | Gauntlet | Entered a Gauntlet
 47851 | Gauntlet | Found a transporter.
 47858 | Gauntlet | Found a transporter.
 47859 | Gauntlet | Found a transporter.
 47869 | Gauntlet | Found a transporter.
 47870 | Gauntlet | Found a transporter.
 47878 | Gauntlet | Found a transporter.
 47882 | Gauntlet | Found a transporter.
 47893 | Gauntlet | Found a transporter.
 47894 | Gauntlet | Found a transporter.
 47905 | Gauntlet | Found a transporter.
 47932 | Gauntlet | Found a transporter.
 47944 | Gauntlet | Found a transporter.
 47957 | Gauntlet | Found a transporter.
 47970 | Gauntlet | Found a transporter.
 48545 | Gauntlet | Identified the +1 pair of boots of the Lute {-Tele Rampage
                  | Str+4 Dex+4 Slay+3}
 48562 | Gauntlet | Found the +6 Majin-Bo {vamp, MP+6 Int+6}
 48861 | D:13     | Noticed Kirke
 48868 | D:13     | Killed Kirke
 48899 | D:13     | Noticed Josephine
 48903 | D:13     | Killed Josephine
 49143 | D:13     | Found a gate to the Vaults.
 49150 | D:13     | Reached ****** piety under Vehumet
 49696 | D:13     | Offered knowledge of Maxwell's Capacitive Coupling by
                  | Vehumet.
 50353 | D:14     | Found a snail-covered altar of Cheibriados.
 50587 | D:14     | Reached skill level 18 in Spellcasting
 50980 | D:14     | Reached XP level 19. HP: 104/104 MP: 36/41
 51121 | D:15     | Entered Level 15 of the Dungeon
 51572 | D:15     | Found a portal to a secret trove of treasure.
 51982 | D:15     | Found a staircase to the Depths.
 54637 | Vaults:1 | Entered Level 1 of the Vaults
 54653 | Vaults:1 | Noticed Asterion
 54671 | Vaults:1 | HP: 3/104 [Asterion (30)]
 54685 | Vaults:1 | Killed from afar by a wizard

Illustrated notes

Levels and vault maps discovered:
D:1:      eino_arrival_water_star, layout_loops_cross,
          hellmonk_ecumenical_altar_lost_god, minmay_worlds_worst_comb
D:2:      layout_basic, uniq_crazy_yiuf_cottage, uniq_robin
D:3:      minmay_goblin_kobold_castle, layout_rooms,
          mainiacjoe_overflow_catwalk, mainiacjoe_overflow_cross_hatched,
          kiku_gazebo_garden_becter
D:4:      layout_basic, mainiacjoe_overflow_surrounded_room,
          nrook_mini_backslash, kennysheep_generic_room_15
D:5:      layout_loops_ring, grunt_dithmenos_shadows, lemuel_tele_altar,
          minmay_temple_entry_proselytizer, minmay_manual_monstrance
D:6:      layout_cave_pools, amcnicky_altar_gilded,
          nicolae_hepliaklqana_monster_ancestors, serial_gnoll_camp,
          gnoll_camp_huts_basic, gnoll_camp_mini_house,
          gnoll_camp_mini_doghouse, gnoll_camp_mini_hut, gnoll_camp_mini_shop,
          gup_sewer_entry_pipe, roderic_cross_of_infinity, hangedman_decor_push,
          uniq_eustachio
D:7:      layout_basic, grunt_ministairs_7
D:8:      layout_loops_ring, nicolae_shop_self_help
D:9:      layout_loops_cross, nicolae_qazlal_eye_of_the_storm,
          nicolae_vehumet_altar_sigil, orc_0_dummy
D:10:     layout_rooms, dpeg_oklobed_lair, chequers_serial_rivers_small_b
D:11:     layout_irregular_city, minmay_misc_feat_iff, uniq_nergalle
D:12:     layout_irregular_city, hangedman_decor_clover_reticule
D:13:     layout_roguey, skrybe_vaults_entry_preservation,
          gauntlet_entry_generic, minmay_misc_feat_doors, uniq_josephine,
          uniq_kirke
D:14:     layout_roguey, chequers_serial_rivers_small_a, kennysheep_slug_shrine
D:15:     gammafunk_depths_entry_grave, layout_layer_cave,
          nicolae_trove_entry_isolated, minivault_23, hangedman_corner_corridor
Temple:   nicolae_temple_hex_pool
Lair:1:   layout_roguey, beast_lair_carwin_2, uniq_maggie
Lair:2:   layout_regular_city, minmay_shoals_entry_hut,
          nicolae_spider_entry_orb_guardian, serial_bayou_shore_a
Lair:3:   layout_roguey, gammafunk_ghost_ooze, uniq_snorg, uniq_gastronok
Lair:4:   layout_gridlike, basic_altar, beast_lair_carwin_9
Lair:5:   layout_layer_cave, nicolae_slime_entry_slimehenge,
          portal_ice_cave_demonic_guard
Lair:6:   hangedman_lair_tendril_chambers, layout_cave_pods,
          guppyfry_lair_end_dragon
Shoals:1: layout_shoals, uniq_roxanne
Shoals:2: layout_shoals, serial_shops, nicolae_shop_trees,
          nicolae_shoals_this_corrosion
Shoals:3: layout_shoals, hangedman_shoals_cup_caves
Shoals:4: shoals_end_hellmonk_lost_city, uniq_aizul
Spider:1: layout_spider_delve, ebering_ghost_disaster_area
Spider:2: layout_spider_delve
Spider:3: layout_spider_delve
Spider:4: grunt_spider_rune_circles, hangedman_spider_tarantella_strand
Orc:1:    layout_caves, enter_bailey_3, basic_altar
Orc:2:    grunt_orc_tribal_feast, layout_diamond_mine
Elf:1:    layout_loops_corners, serial_shops, shop, evilmike_minifort,
          grunt_ministairs_6, minmay_misc_feat_diagonals
Vaults:1: infiniplex_enter_wizlab_water, hangedman_vaults_stagger,
          ontoclasm_vaults_shuriken, v_misc_13, grunt_tower_of_power,
          vaults_dpeg_cross, v_misc_19, nicolae_vaults_network_barrier,
          grunt_vaults_focal, vaults_room_door_ring, layout_vaults_chaotic_city,
          serial_shops, shop, uniq_asterion

Skill      XL: |  1  2  3  4  5  6  7  8  9 10 11 12 13 14 15 16 17 18 19 |
---------------+----------------------------------------------------------+-----
Conjurations   | 2 3 5 6 7 8 10 11 12 13 14 15 16 | 16.3
Spellcasting   | 4 5 7 10 12 13 14 15 16 18 | 18.2
Air Magic      | 1 2 3 4 5 6 7 8 |  8.1
Dodging        | 2 3 4 5 6 7 |  7.0
Fighting       | 2 3 4 5 6 |  6.7
Fire Magic     | 1 3 4 6 7 8 9 |  9.5
Shields        | 1 2 3 5 6 8 9 |  9.2
Armour         | 1 5 6 12 16 | 16.4
Earth Magic    | 5 10 11 12 13 | 13.1
Poison Magic   | 6 7 |  7.2
Stealth        | |  2.1
Summonings     | |  0.8
Translocations | |  0.8

Action                   |  1- 3 |  4- 6 |  7- 9 | 10-12 | 13-15 | 16-18 | 19-21 || total
-------------------------+-------+-------+-------+-------+-------+-------+-------++-------
Melee: Dagger            |    24 |     4 |       |       |       |       |       ||    28
       Quarterstaff      |       |     5 |       |       |       |       |       ||     5
       Falchion          |       |    33 |   245 |   436 |   629 |   383 |       ||  1726
       Spear             |       |       |       |    12 |   351 |       |       ||   363
       Staff             |       |       |       |       |       |   121 |    15 ||   136
 Cast: Magic Dart        |   107 |   124 |   339 |   265 |   122 |     8 |       ||   965
       Mephitic Cloud    |     2 |     9 |    32 |    84 |    63 |     5 |     2 ||   197
       Conjure Flame     |       |     3 |    18 |    96 |   115 |     1 |       ||   233
       Blink             |       |       |     7 |    10 |     7 |     1 |     1 ||    26
       Call Imp          |       |       |       |     6 |       |       |       ||     6
       Olgreb's Toxic Ra |       |       |       |       |    63 |   324 |    21 ||   408
       Iron Shot         |       |       |       |       |       |   349 |    77 ||   426
Evoke: Wand              |       |       |     5 |       |       |     1 |       ||     6
  Use: Scroll            |       |       |     5 |     6 |    15 |    10 |     7 ||    43
       Potion            |       |       |       |     1 |     3 |     4 |       ||     8
 Stab: Confused          |     1 |       |    11 |    20 |    42 |       |       ||    74
       Sleeping          |       |       |     1 |       |     1 |       |       ||     2
Armor: Robe              |    14 |    18 |   117 |    36 |       |       |       ||   185
       Ring mail         |       |       |       |   158 |   419 |   451 |    94 ||  1122
       Chain mail        |       |       |       |    46 |       |       |       ||    46
Dodge: Dodged            |    28 |    42 |   258 |   482 |   714 |   622 |    59 ||  2205
Block: Other             |       |       |    43 |   133 |    10 |       |       ||   186
       Reflection        |       |       |     1 |     2 |    20 |    71 |     1 ||    95
       Buckler           |       |       |       |       |   800 |   746 |    58 ||  1604

Table legend: (Time is in decaauts)
 A = Elapsed time spent in this place.
 B = Non-inter-level travel time spent in this place.
 C = Inter-level travel time spent in this place.
 D = Time resting spent in this place.
 E = Time spent auto-exploring this place.
 F = Levels seen in this place.
 G = Mean time per level.
                   A        B        C        D        E       F      G
               +--------+--------+--------+--------+--------+-----+--------+
         Total |  55522 |  52164 |   3358 |  15223 |  23534 |  38 | 1461.1 |
       Dungeon |  25794 |  24238 |   1556 |   7070 |  12394 |  15 | 1719.6 |
        Temple |    104 |     95 |      9 |     13 |     61 |   1 |  104.0 |
          Lair |  12091 |  11024 |   1067 |   2962 |   4215 |   6 | 2015.2 |
        Shoals |   7693 |   7428 |    265 |   2688 |   2677 |   4 | 1923.2 |
   Spider Nest |   4409 |   4168 |    241 |   1291 |   1879 |   4 | 1102.2 |
  Orcish Mines |   1755 |   1603 |    152 |     55 |    851 |   2 |  877.5 |
   Elven Halls |   1547 |   1480 |     67 |    418 |    845 |   1 | 1547.0 |
        Vaults |     47 |     47 |      0 |      0 |      0 |   1 |   47.0 |
         Sewer |    807 |    807 |      0 |    365 |    275 |   1 |  807.0 |
        Bailey |    422 |    422 |      0 |     12 |    155 |   1 |  422.0 |
      Ice Cave |     91 |     91 |      0 |     28 |      0 |   1 |   91.0 |
      Gauntlet |    759 |    759 |      0 |    320 |    182 |   1 |  759.0 |
               +--------+--------+--------+--------+--------+-----+--------+

Top non-repeatable levels by time:
  Lair:6: 2700 daAuts
  Lair:2: 2596 daAuts
Shoals:4: 2583 daAuts
    D:10: 2472 daAuts
     D:2: 2276 daAuts
     D:3: 2184 daAuts
     D:9: 2094 daAuts
    D:15: 2034 daAuts
Shoals:1: 1984 daAuts
Shoals:3: 1945 daAuts
     D:6: 1927 daAuts
  Lair:1: 1903 daAuts
     D:4: 1813 daAuts
  Lair:3: 1809 daAuts
     D:1: 1785 daAuts
